 Dungeon Crawl Stone Soup version 0.25.0-11-g1f837a76a1 (webtiles) character file.

Game seed: 3487638782657977515

82 sking99 the Poker (level 4, 27/27 HPs)
             Began as a Tengu Warper on June 27, 2020.
             Was a Priest of Jiyva.
             Quit the game on level 4 of the Dungeon.
             The game lasted 00:08:56 (3132 turns).

sking99 the Poker (Tengu Warper)                    Turns: 3132, Time: 00:08:56

Health: 27/27      AC:  5    Str: 11    XL:     4   Next: 43%
Magic:  8/8        EV: 12    Int: 14    God:    Jiyva [***...]
Gold:   207        SH:  0    Dex: 14    Spells: 5/7 levels left

rFire    . . .     SeeInvis .   a - +0 spear
rCold    . . .     Gourm    .   (no shield)
rNeg     . . .     Faith    .   b - +0 leather armour
rPois    .         Spirit   .   (helmet restricted)
rElec    .         Reflect  .   l - +0 cloak
rCorr    +         Harm     .   p - +0 pair of gloves
MR       .....                  (boots unavailable)
Stlth    +.........             (no amulet)
HPRegen  0.09/turn              (no ring)
MPRegen  0.11/turn              (no ring)

@: no status effects
A: beak, talons 3
a: Request Jelly, Renounce Religion


You were on level 4 of the Dungeon.
You worshipped Jiyva.
Jiyva was most pleased with you.
You were not hungry.

You visited 1 branch of the dungeon, and saw 4 of its levels.

You collected 207 gold pieces.

Inventory:

Hand Weapons
 a - a +0 spear (weapon)
Missiles
 e - 5 boomerangs of dispersal (quivered)
 o - 5 datura-tipped darts
Armour
 b - a +0 leather armour (worn)
 l - a +0 cloak (worn)
 p - a +0 pair of gloves (worn)
Jewellery
 c - a +6 ring of intelligence {unknown}
Scrolls
 d - 2 scrolls of blinking
 g - 5 scrolls of remove curse {unknown}
 h - 3 scrolls of identify {unknown}
 i - a scroll of immolation {unknown}
 j - a scroll of enchant weapon {unknown}
 n - a scroll of teleportation {unknown}
Potions
 k - a potion of haste {unknown}
 m - a potion of curing {unknown}
 q - a potion of lignification {unknown}
Comestibles
 f - 3 rations


   Skills:
 + Level 2.7 Fighting
 * Level 3.8 Polearms
 - Level 1.0 Throwing
 - Level 1.1 Armour
 - Level 2.1 Dodging
 - Level 2.2 Spellcasting
 + Level 2.7 Translocations


You had 5 spell levels left.
You knew the following spells:

 Your Spells              Type           Power        Failure   Level  Hunger
a - Blink                 Tloc           N/A          14%         2    ###....

Your spell library contained the following spells:

 Spells                   Type           Power        Failure   Level  Hunger
 Shroud of Golubria       Chrm/Tloc      #.....       26%         2    ###....
 Gell's Gravitas          Tloc           #.........   28%         3    ###....
 Lesser Beckoning         Tloc           #.........   28%         3    ###....
 Teleport Other           Tloc           #.......     28%         3    ###....
 Passage of Golubria      Tloc           N/A          67%         4    #####..


Dungeon Overview and Level Annotations

Branches:
Dungeon (4/15)
 Temple: D:4-7

Altars:
Nemelex Xobeh
Zin
Jiyva

Shops:
D:4 =

Annotations:
D:2 1 runed translucent door, Crazy Yiuf


Innate Abilities, Weirdness & Mutations

You have a beak for a mouth.
You have claws for feet.


Message History

The frilled lizard bites you.
You barely miss the frilled lizard. You claw the frilled lizard.
You kill the frilled lizard!
All of the chunks of flesh in your inventory have rotted away.
You swap places.
There is a stone staircase leading down here.
You swap places.
You swap places.
You swap places.
You swap places.
Done exploring.
Done exploring.
There is a stone staircase leading down here.
You climb downwards.
Found a jade ring.
There is a stone staircase leading up here.
c - a jade ring Quiver which item? (- for none, * to show all) (? for menu, Esc to quit)
Okay, then.
Are you sure you want to abandon this character and quit the game? (Confirm with "yes".)

#.# #.###.#
#.....#
#.##### #
###########..#
.......<@...#
....#########
.


There were no monsters in sight!

Vanquished Creatures
  3 adders
  An ooze (D:1)
  2 worms
  3 bats (D:1)
  6 giant cockroaches
  9 goblins
  5 hobgoblins
  6 kobolds
  5 frilled lizards
40 creatures vanquished.

Vanquished Creatures (others)
  An orc priest (D:3)
  An orc wizard (D:3)
  4 gnolls (D:3)
  An orc (D:3)
  2 bats (D:3)
  A hobgoblin (D:3)
  2 jackals (D:3)
  A kobold (D:3)
  A quokka (D:3)
  A rat (D:3)
15 creatures vanquished.

Grand Total: 55 creatures vanquished

Notes
Turn   | Place    | Note
-------+----------+-------------------------------------------
     0 | D:1      | sking99 the Tengu Warper began the quest for the Orb.
     0 | D:1      | Reached XP level 1. HP: 12/12 MP: 4/4
   111 | D:1      | Reached XP level 2. HP: 17/17 MP: 6/6
   989 | D:1      | Reached skill level 3 in Polearms
  1030 | D:1      | Learned a level 2 spell: Blink
  1099 | D:1      | Reached XP level 3. HP: 13/22 MP: 7/7
  2415 | D:2      | Reached XP level 4. HP: 22/27 MP: 3/8
  2466 | D:2      | Found a runed translucent door.
  2467 | D:2      | Noticed Crazy Yiuf
  2524 | D:2      | You fall into a shaft and drop 2 floors!
  2529 | D:4      | Found Ciotsoes's Jewellery Boutique.
  2541 | D:3      | Found a sparkling altar of Nemelex Xobeh.
  2556 | D:3      | Found a glowing silver altar of Zin.
  2635 | D:3      | Found a faded altar of an unknown god.
  2666 | D:3      | Became a worshipper of Jiyva Jaeshrys the Shapeless
  2666 | D:3      | Reached * piety under Jiyva
  2724 | D:3      | Reached ** piety under Jiyva
  2821 | D:3      | Reached *** piety under Jiyva
  3132 | D:4      | Quit the game

Illustrated notes

Levels and vault maps discovered:
D:1:      minmay_arrival_widening_spiral_wide, layout_basic
D:2:      layout_loops_ring, marbit_many_paths, nemelex_lonely_heart_becter,
          uniq_natasha, uniq_crazy_yiuf_cottage
D:3:      cheibrodos_old_hovel, layout_loops_ring, zin_scriptorium,
          overflow_temple_1_default, first_ration,
          chequers_ecumenical_altar_simple_redux
D:4:      layout_loops_ring, gammafunk_temple_overflow_wave, serial_shops,
          shop_statue, solitary_fountain, uniq_blork_the_orc, uniq_sigmund

Skill      XL: |  1  2 |
---------------+-------+-----
Polearms       | 3 |  3.8
Fighting       | |  2.7
Throwing       | |  1.0
Armour         | |  1.1
Dodging        | |  2.1
Spellcasting   | |  2.2
Translocations | |  2.7

Action                   |  1- 3 |  4- 6 || total
-------------------------+-------+-------++-------
Melee: Spear             |   117 |    33 ||   150
       Kick              |    18 |     6 ||    24
       Peck              |    11 |     5 ||    16
 Cast: Blink             |     1 |       ||     1
 Stab: Sleeping          |     1 |       ||     1
  Eat: Chunk             |     5 |     1 ||     6
Armor: Leather armour    |    12 |     2 ||    14
Dodge: Dodged            |    49 |    13 ||    62
